Workbook
Name _______2: '[1]331100 FUEL'!#REF!
Name ______1: #REF!
Name ______2: #REF!
Name _____1: #REF!
Name _____2: #REF!
Name ____1: #REF!
Name ____2: #REF!
Name ___1: #REF!
Name ___2: #REF!
Name __1: #REF!
Name __2: #REF!
Name __3: #REF!
Name _1: #REF!
Name _2: #REF!
Name _3: #REF!
Name _C1: [2]Ouvriers!#REF!
Name _C2: [2]Ouvriers!#REF!
Name _C3: [3]Ouv!#REF!
Name _DAT1: #REF!
Name _DAT10: #REF!
Name _DAT11: #REF!
Name _DAT12: #REF!
Name _DAT13: #REF!
Name _DAT14: #REF!
Name _DAT15: #REF!
Name _DAT16: #REF!
Name _DAT2: #REF!
Name _DAT3: #REF!
Name _DAT4: #REF!
Name _DAT5: #REF!
Name _DAT6: #REF!
Name _DAT7: #REF!
Name _DAT8: #REF!
Name _DAT9: #REF!
Name _K1: [2]Ouvriers!#REF!
Name _K2: [2]Ouvriers!#REF!
Name _MJ1: #REF!
Name _mod116: #REF!
Name _tit2: [4]A.M.!#REF!
Name _tit3: [5]OUV.!#REF!
Name _tit4: [6]OUV.!$CD$7
Name a: '[7]AGENCEMENT ET AMENAGEMENT'!#REF!
Name abd: [8]PLS01!#REF!
Name abe: [9]BASE!$C$13
Name abs: #REF!
Name Act_Total: [10]Database_Actuals!$B$723:$O$862
Name Actual: [11]Cover!$Q$23
Name AD: '[12]prix moyen'!#REF!
Name AMonth: #REF!
Name Amort_2005x: '[13]Amort Exo Et ANt'!$I$2:$I$1182
Name Amort_Anterieux: '[13]Amort Exo Et ANt'!$H$2:$H$1182
Name Amortpp: '[13]Cumul Amort EH'!$E$2:$E$1182
Name AMY: #REF!
Name Analysis_noselection: #REF!
Name AREA: #REF!
Name AS: #REF!
Name AYear: #REF!
Name bean: '[14]Data-Liffe Adj.'!#REF!
Name beancount: '[14]Data-Liffe Adj.'!#REF!
Name BMonth: #REF!

Sheet Base de données produits
A1: Invoice Year | B1: Colonne1 | C1: Sun Code | D1: Coupe | E1: SUN Design | F1: SUN Commercial String1 | G1: New Sales Group | H1: Quantités Inventoriées | I1: Achats | J1: Transfert | K1: Retour | L1: Facture | M1: Avoir | N1: Frais Géneraux | O1: Quantités Finale | P1: PRN au yard | Q1: Prix de vente HT au yard | R1: Description (IB) | S1: Reporting Sales Group | T1: Reporting Group Name | V1: Lot/SN | W1: Style Item | X1: Commercial String | Y1: Product Group Name
A2: 2017 | B2: WHS | C2: VL111 0575 D001 | D2: 04 | E2: 0575 | F2: 159/0575/00 | G2: CAT | H2: 50 | O2: =H2+I2-J2+K2-L2+M2-N2 -> 50 | R2: Wax Print | S2: Catalogue | T2: Wax Print Vlisco | V2: PN00011112 | W2: VL00575.002 | X2: 0575 000 000 0 | Y2: 16 - Wax Print
A3: 2016 | B3: WHS | C3: VL111 A2155F001 | D3: 06 | E3: A2155 | F3: 159/A2155/00 | G3: BO-Previous | H3: 20 | O3: =H3+I3-J3+K3-L3+M3-N3 -> 20 | R3: Wax Print | S3: Collection-Previous | T3: Wax Print Vlisco | V3: PN00011563 | W3: VLA2155.002 | X3: A2155 000 000 0 | Y3: 16 - Wax Print
A4: 2017 | B4: WHS | C4: VL121 2925 F001 | D4: 06 | E4: 2925 | F4: 159/2925/CA/780/00.00.76 | G4: CAT | H4: 45 | O4: =H4+I4-J4+K4-L4+M4-N4 -> 45 | R4: Wax Print | S4: Catalogue | T4: Wax Print Vlisco | V4: 63130003 | W4: VL02925.007 | X4: 2925 780 076 0 | Y4: 16 - Wax Print
A5: 2017 | B5: WHS | C5: VL121 2925 F006 | D5: 06 | E5: 2925 | F5: 159/2925/CA/760/00.00.76 | G5: CAT | H5: 20 | O5: =H5+I5-J5+K5-L5+M5-N5 -> 20 | R5: Wax Print | S5: Catalogue | T5: Wax Print Vlisco | V5: PN00026331 | W5: VL02925.023 | X5: 2925 760 076 0 | Y5: 16 - Wax Print
A6: 2017 | B6: WHS | C6: VL121 3816 D002 | D6: 04 | E6: 3816 | F6: 159/3816/790/00 | G6: BO-Previous | H6: 2 | O6: =H6+I6-J6+K6-L6+M6-N6 -> 2 | R6: Wax Print | S6: Collection-Previous | T6: Wax Print Vlisco | V6: PN00011117 | W6: VL03816.118 | X6: 3816 790 000 0 | Y6: 16 - Wax Print
A7: 2017 | B7: WHS | C7: VL121 3816 F002 | D7: 06 | E7: 3816 | F7: 159/3816/790/00 | G7: BO-Previous | H7: 3 | O7: =H7+I7-J7+K7-L7+M7-N7 -> 3 | R7: Wax Print | S7: Collection-Previous | T7: Wax Print Vlisco | V7: PN00026334 | W7: VL03816.118 | X7: 3816 790 000 0 | Y7: 16 - Wax Print
A8: 2016 | B8: WHS | C8: VL121 4063 F001 | D8: 06 | E8: 4063 | F8: 159/4063/790/00 | G8: BO-Previous | H8: 4 | O8: =H8+I8-J8+K8-L8+M8-N8 -> 4 | R8: Wax Print | S8: Collection-Previous | T8: Wax Print Vlisco | V8: PN00002227 | W8: VL04063.078 | X8: 4063 790 000 0 | Y8: 16 - Wax Print
A9: 2017 | B9: WHS | C9: VL121 8932 D004 | D9: 04 | E9: 8932 | F9: 159/8932/790/00 | G9: BO-Previous | H9: 5 | O9: =H9+I9-J9+K9-L9+M9-N9 -> 5 | R9: Wax Print | S9: Collection-Previous | T9: Wax Print Vlisco | V9: PN00011249 | W9: VL08932.071 | X9: 8932 790 000 0 | Y9: 16 - Wax Print
A10: 2017 | B10: WHS | C10: VL121 A1227D002 | D10: 04 | E10: A1227 | F10: 159/A1227/790/00 | G10: BO-Previous | H10: 6 | O10: =H10+I10-J10+K10-L10+M10-N10 -> 6 | R10: Wax Print | S10: Collection-Previous | T10: Wax Print Vlisco | V10: PN00011249 | W10: VLA1227.028 | X10: A1227 790 000 0 | Y10: 16 - Wax Print
A11: 2016 | B11: WHS | C11: VL121 A1230D002 | D11: 04 | E11: A1230 | F11: 159/A1230/790/00 | G11: BO-Previous | H11: 7 | O11: =H11+I11-J11+K11-L11+M11-N11 -> 7 | R11: Wax Print | S11: Collection-Previous | T11: Wax Print Vlisco | V11: PN00002069 | W11: VLA1230.036 | X11: A1230 790 000 0 | Y11: 16 - Wax Print

Sheet Transaction
B2: Facturation
B4: Magasin | C4: Code Emplacement | D4: Type de transaction | E4: Action | F4: Code de transaction
B5: WHS | C5: 140 | D5: Retour Vente Comptant | E5: Avoir | F5: V13A
B6: WHS | C6: 140 | D6: Facture au Comptant | E6: Facture | F6: V13F
B7: NHL | C7: 100 | D7: Retour vente comptant | E7: Avoir | F7: N13A
B8: NHL | C8: 100 | D8: Facture au comptant | E8: Facture | F8: N13F
B9: NBA | C9: 105 | D9: Retour Vente Comptant PAP | E9: Avoir | F9: O13A
B10: NBA | C10: 105 | D10: Facture au Comptant pap | E10: Facture | F10: O13F
B11: WBA | C11: 108 | D11: Retour Ventes Comptant PAP | E11: Avoir | F11: I13A
B12: WBA | C12: 108 | D12: Facture au Comptant PAP | E12: Facture | F12: I13F

Sheet Facture_Avoir
B2: Woble_City
G3: 0001
B4: Type de transaction | C4: Retour Vente Comptant | E4: Compte Client | F4: 411118624 | I4: Enregistrer | K4: Macro avec une image en 3D qui enregistre la facture. Après chaque enregistrement un nouveau numéro chronologique apparait dans la cellule G3. Le numero actuel est le 0001
B5: Code | C5: V13A | E5: Client | F5: YAYARO
B6: N° Transaction | C6: V13A 0001 | I6: Imprimer | K6: Macro en 3D pour imprimer la facture
B7: Date | C7: 43581 | E7: Adresse | F7: B.P. 1666 NASVILLE HABITAT
B8: Semaine | C8: Semaine17 | E8: N°CC | F8: 0701654U | I8: Archiver | K8: Marco en 3D qui archive la facture en PDF dans un dassier et efface la facture archivée
B9: Periode | C9: 43581 | E9: N°RCCM | F9: CI. TDI.2015.B.507
B11: Code Article | C11: Designation des Marchandises | D11: QTE | E11: Coupe | F11: PV Unité | G11: Total Hors Taxe
C12: =IF(ISERROR(VLOOKUP($B12,'Base de données produits'!C:F,4,0))," ",VLOOKUP($B12,'Base de données produits'!C:F,4,0)) | D12: =IF(ISERROR(VLOOKUP($B12,'Base de données produits'!C:D,2,0))," ",VLOOKUP($B12,'Base de données produits'!C:D,2,0)) | F12: =IF(ISERROR(VLOOKUP($B12,'Base de données produits'!C:Q,16,0))," ",VLOOKUP($B12,'Base de données produits'!C:Q,16,0)) | G12: =+IF(IFERROR(F12*D12," ")=0,"",IFERROR(F12*D12," "))
C13: =IF(ISERROR(VLOOKUP($B13,'Base de données produits'!C:F,4,0))," ",VLOOKUP($B13,'Base de données produits'!C:F,4,0)) | D13: =IF(ISERROR(VLOOKUP($B13,'Base de données produits'!C:D,2,0))," ",VLOOKUP($B13,'Base de données produits'!C:D,2,0)) | F13: =IF(ISERROR(VLOOKUP($B13,'Base de données produits'!C:Q,16,0))," ",VLOOKUP($B13,'Base de données produits'!C:Q,16,0)) | G13: =+IF(IFERROR(F13*D13," ")=0,"",IFERROR(F13*D13," "))
C14: =IF(ISERROR(VLOOKUP($B14,'Base de données produits'!C:F,4,0))," ",VLOOKUP($B14,'Base de données produits'!C:F,4,0)) | D14: =IF(ISERROR(VLOOKUP($B14,'Base de données produits'!C:D,2,0))," ",VLOOKUP($B14,'Base de données produits'!C:D,2,0)) | E14: =IF(ISERROR(VLOOKUP($B14,'Base de données produits'!E:H,4,0))," ",VLOOKUP($B14,'Base de données produits'!E:H,4,0)) | F14: =IF(ISERROR(VLOOKUP($B14,'Base de données produits'!C:Q,16,0))," ",VLOOKUP($B14,'Base de données produits'!C:Q,16,0)) | G14: =+IF(IFERROR(F14*D14," ")=0,"",IFERROR(F14*D14," "))
C15: =IF(ISERROR(VLOOKUP($B15,'Base de données produits'!C:F,4,0))," ",VLOOKUP($B15,'Base de données produits'!C:F,4,0)) | D15: =IF(ISERROR(VLOOKUP($B15,'Base de données produits'!C:D,2,0))," ",VLOOKUP($B15,'Base de données produits'!C:D,2,0)) | E15: =IF(ISERROR(VLOOKUP($B15,'Base de données produits'!E:H,4,0))," ",VLOOKUP($B15,'Base de données produits'!E:H,4,0)) | F15: =IF(ISERROR(VLOOKUP($B15,'Base de données produits'!C:Q,16,0))," ",VLOOKUP($B15,'Base de données produits'!C:Q,16,0)) | G15: =+IF(IFERROR(F15*D15," ")=0,"",IFERROR(F15*D15," "))
C32: Total Pièces | E32: Total HT
D33: #VALUE! | E33: Total TVA
E34: Total TTC
D36: N/A | E36: Total AIRCI
B38: Le Vendeur | C38: Le Client | E38: Total FACTURE
